 Dungeon Crawl Stone Soup version 0.30-a0-800-g7c544603b3 (webtiles) character file.

Game seed: 11665490137053186063

49 testman the Digger (level 3, -2/19 HPs)
             Began as a Gargoyle Earth Elementalist on Feb 22, 2023.
             Slain by Terence
             ... wielding a +0 flail
              (6 damage)
             ... on level 2 of the Dungeon.
             The game lasted 00:03:25 (1152 turns).

testman the Digger (Gargoyle Earth Elementalist)    Turns: 1152, Time: 00:03:26

Health: -2/19      AC:  6    Str: 11    XL:     3   Next: 77%
Magic:  2/6        EV: 11    Int: 17    God:
Gold:   53         SH:  0    Dex: 10    Spells: 5/6 levels left

rFire   . . .      SeeInvis .    i - +0 whip (freeze)
rCold   . . .      Faith    .    (no shield)
rNeg    + . .      Spirit   .    a - +0 robe
rPois   ∞          Reflect  .    (no helmet)
rElec   +          Harm     .    g - +0 cloak
rCorr   .          Rampage  .    (no gloves)
Will    .....                    (no boots)
Stlth   ++                       (no amulet)
HPRegen 0.23/turn                (no ring)
MPRegen 0.10/turn                (no ring)

@: no status effects
A: sickness immunity, AC +3, negative energy resistance 1, electricity
resistance, torment resistance 1, petrification resistance
a: no special abilities


You were on level 2 of the Dungeon.
You visited 1 branch of the dungeon, and saw 2 of its levels.

You collected 53 gold pieces.

Inventory:

Hand Weapons
 d - a +0 whip
 i - a +0 whip of freezing (weapon)
Missiles
 e - 4 boomerangs
Armour
 a - a +0 robe (worn)
 g - a +0 cloak (worn)
Jewellery
 h - a ring of fire
Scrolls
 c - 2 scrolls of identify {unknown}
 f - a scroll of immolation {unknown}
 j - a scroll of teleportation {unknown}
 l - a scroll of poison {unknown}
Potions
 b - a potion of magic
 k - a potion of curing {unknown}


   Skills:
 - Level 1.5 Dodging
 - Level 2.1 Stealth
 - Level 2.0 Spellcasting
 + Level 1.8 Conjurations
 - Level 1.0 Transmutations
 - Level 5.0 Earth Magic


You had 5 spell levels left.
You knew the following spells:

 Your Spells              Type           Power      Damage    Failure   Level
a - Sandblast             Erth           36%        2d10      2%          1

Your spell library contained the following spells:

 Spells                   Type           Power      Damage    Failure   Level
 Passwall                 Tmut/Erth      9%         N/A       9%          2
 Stone Arrow              Conj/Erth      26%        3d8       14%         3
 Petrify                  Tmut/Erth      11%        N/A       50%         4


Dungeon Overview and Level Annotations

Branches:
Dungeon (2/15)

Altars:

Annotations:
D:2 Terence


Innate Abilities, Weirdness & Mutations

You are immune to sickness and miasma.
Your stone body is resilient. (AC +3)
You are immune to poison.
You resist negative energy. (rN+)
You are resistant to electric shocks. (rElec)
You are resistant to unholy torment.
You are immune to petrification.


Message History

Press: ? - help, Q - select action, (/) - cycle Shift-Dir - straight line, f - Terence
Aim: Terence, wielding a +0 flail and wearing a +0 chain mail (87% to hit)
The blast of sand hits Terence!
Terence is heavily wounded.
Aiming: Sandblast (safe; 2% risk of failure)
Press: ? - help, Q - select action, (/) - cycle Shift-Dir - straight line, f/p - Terence
Aim: Terence, wielding a +0 flail and wearing a +0 chain mail (heavily wounded, 87% to hit)
The blast of sand hits Terence but does no damage.
Terence is heavily wounded.
Terence misses you. Terence hits you with a +0 flail.
Aiming: Sandblast (safe; 2% risk of failure)
Press: ? - help, Q - select action, (/) - cycle Shift-Dir - straight line, f/p - Terence
Aim: Terence, wielding a +0 flail and wearing a +0 chain mail (heavily wounded, 87% to hit)
The blast of sand hits Terence but does no damage.
Terence is heavily wounded.
Terence hits you but does no damage.
Aiming: Sandblast (safe; 2% risk of failure)
Press: ? - help, Q - select action, (/) - cycle Shift-Dir - straight line, f/p - Terence
Aim: Terence, wielding a +0 flail and wearing a +0 chain mail (heavily wounded, 87% to hit)
The blast of sand hits Terence but does no damage.
Terence is heavily wounded.
Terence closely misses you. Terence hits you with a +0 flail!
Ouch! That really hurt!
* * * LOW HITPOINT WARNING * * *
You hit Terence. You freeze Terence.
Terence is severely wounded.
Terence barely misses you.
You closely miss Terence.
Terence is severely wounded.
Terence closely misses you.
You completely miss Terence.
Terence is severely wounded.
Terence says, "Rest in peace."
Terence barely misses you.
Aiming: Sandblast (safe; 2% risk of failure)
Press: ? - help, Q - select action, (/) - cycle Shift-Dir - straight line, f/p - Terence
Aim: Terence, wielding a +0 flail and wearing a +0 chain mail (severely wounded, 87% to hit)
The blast of sand misses Terence.
Terence hits you with a +0 flail.
You die...

######......##
##.## ...........##
##.# ###.##......##
##.##
....##.......###.##
######........#.##
#...........##
...#####.###.# ~.#
#.# #.######### .#
#.# #..@@...... #.#
########### #.#


You could see Terence.

Vanquished Creatures
  A gnoll (D:1)
  An adder (D:2)
  2 dart slugs (D:1)
  A ball python (D:1)
  7 endoplasms (D:1)
  2 giant cockroaches (D:1)
  4 hobgoblins (D:1)
  A quokka (D:2)
  A bat (D:1)
  A kobold (D:1)
  4 rats
25 creatures vanquished.

Notes
Turn   | Place    | Note
-------+----------+-------------------------------------------
     0 | D:1      | testman the Gargoyle Earth Elementalist began the quest for
                  | the Orb.
     0 | D:1      | Reached XP level 1. HP: 10/10 MP: 3/3
    61 | D:1      | Reached skill level 1 in Transmutations
    95 | D:1      | Reached skill level 4 in Earth Magic
   121 | D:1      | Reached XP level 2. HP: 15/15 MP: 1/5
   407 | D:1      | Reached XP level 3. HP: 19/19 MP: 4/6
   655 | D:1      | Reached skill level 5 in Earth Magic
   719 | D:1      | Reached skill level 1 in Conjurations
  1142 | D:2      | Noticed Terence
  1152 | D:2      | Slain by Terence

Illustrated notes

Levels and vault maps discovered:
D:1:      matt_arrival_spirals, layout_loops_ring, nrook_loot_triangle,
          minivault_26
D:2:      layout_loops_ring, dreamdust_ecumenical_altar_drowned_temple,
          uniq_terence, uniq_jessica

Skill      XL: |  1  2  3 |
---------------+----------+-----
Transmutations | 1 |  1.0
Earth Magic    | 4 5 |  5.0
Conjurations   | 1 |  1.8
Dodging        | |  1.5
Stealth        | |  2.1
Spellcasting   | |  2.0

Action                     || total
---------------------------++-------
  Melee: Whip              ||    19
         Unarmed           ||     1
   Cast: Sandblast         ||    30
   Stab: Sleeping          ||     1
 Armour: Robe              ||     5
  Dodge: Dodged            ||     9

Table legend: (Time is in decaauts)
 A = Elapsed time spent in this place.
 B = Non-inter-level travel time spent in this place.
 C = Inter-level travel time spent in this place.
 D = Time resting spent in this place.
 E = Time spent auto-exploring this place.
 F = Levels seen in this place.
 G = Mean time per level.
                   A        B        C        D        E       F      G
               +--------+--------+--------+--------+--------+-----+--------+
         Total |   1167 |   1130 |     37 |     12 |    922 |   2 |  583.5 |
       Dungeon |   1167 |   1130 |     37 |     12 |    922 |   2 |  583.5 |
               +--------+--------+--------+--------+--------+-----+--------+

Top non-repeatable levels by time:
     D:1: 978 daAuts
     D:2: 189 daAuts
